 Dungeon Crawl Stone Soup version 0.28.0-53-g5a82cb258f (webtiles) character file.

Game seed: 3038446385395720455

3238 DocClef the Blocker (level 9, -8/74 HPs)
             Began as a Gnoll Fighter on June 28, 2022.
             Was a Believer of the Shining One.
             Mangled by a yak (10 damage)
             ... on level 7 of the Dungeon.
             The game lasted 00:09:08 (10298 turns).

DocClef the Blocker (Gnoll Fighter)                Turns: 10298, Time: 00:09:09

Health: -8/74      AC: 12    Str: 25    XL:     9   Next: 99%
Magic:  16/16      EV: 13    Int:  8    God:    the Shining One [**....]
Gold:   342        SH:  6    Dex: 12    Spells: 17/17 levels left

rFire   + . .      SeeInvis .   p - +1 whip (venom)
rCold   . . .      Faith    .   c - +0 buckler
rNeg    + . .      Spirit   .   f - +2 leather armour {rF+}
rPois   .          Reflect  .   i - +1 helmet
rElec   .          Harm     .   (no cloak)
rCorr   .          Rampage  .   (no gloves)
Will    .....                   (no boots)
Stlth   +.........              (no amulet)
HPRegen 0.22/turn               s - +4 ring of protection
MPRegen 0.15/turn               n - +6 ring of strength

@: glowing
A: fangs 1, strong nose, distributed training
a: Renounce Religion, Divine Shield


You were on level 7 of the Dungeon.
You worshipped the Shining One.
The Shining One was pleased with you.
You visited 2 branches of the dungeon, and saw 9 of its levels.

You collected 353 gold pieces.
You spent 11 gold pieces at shops.

Inventory:

Hand Weapons
 a - a +0 flail
 p - a +1 whip of venom (weapon)
 x - a +3 falchion of flaming
 F - the +2 quarterstaff of Bitaol {vorpal, rF+}
   (You found it on level 7 of the Dungeon)

   It inflicts extra damage upon your enemies.
   rF:        It protects you from fire.
Missiles
 u - 7 curare-tipped darts (quivered)
Armour
 b - a +0 scale mail
 c - a +0 buckler (worn)
 f - a +2 leather armour of fire resistance (worn)
 g - a +0 chain mail
 i - a +1 helmet (worn)
Jewellery
 k - a ring of protection from cold
 n - a +6 ring of strength (right hand)
 s - a +4 ring of protection (left hand)
 E - a ring of magical power
 H - a ring of resist corrosion
Wands
 l - a wand of paralysis (8)
 r - a wand of charming (5)
 t - a wand of mindburst (12)
 D - a wand of flame (25)
Scrolls
 e - 8 scrolls of identify
 w - a scroll of torment {unknown}
 y - a scroll of fog {unknown}
 C - 2 scrolls of blinking {unknown}
 G - a scroll of teleportation {unknown}
Potions
 d - a potion of might
 h - a potion of brilliance
 o - a potion of invisibility {unknown}
 v - a potion of flight {unknown}
 z - a potion of curing {unknown}
 A - a potion of mutation {unknown}
 B - a potion of attraction {unknown}


   Skills:
 + Level 8.2 Fighting
 + Level 4.7 Short Blades
 + Level 4.7 Long Blades
 + Level 4.7 Axes
 + Level 6.7 Maces & Flails
 + Level 4.7 Polearms
 + Level 4.7 Staves
 + Level 4.7 Slings
 + Level 4.7 Bows
 + Level 4.7 Crossbows
 + Level 4.7 Throwing
 + Level 8.2 Armour
 + Level 4.7 Dodging
 + Level 4.7 Stealth
 + Level 8.2 Shields
 + Level 4.7 Unarmed Combat
 + Level 4.7 Spellcasting
 + Level 3.9 Conjurations
 + Level 3.9 Hexes
 + Level 3.9 Summonings
 + Level 3.9 Necromancy
 + Level 3.9 Translocations
 + Level 3.9 Transmutations
 + Level 3.9 Fire Magic
 + Level 3.9 Ice Magic
 + Level 3.9 Air Magic
 + Level 3.9 Earth Magic
 + Level 3.9 Poison Magic
 + Level 5.2 Invocations
 + Level 4.7 Evocations


You had 17 spell levels left.
You didn't know any spells.
Your spell library contained the following spells:

 Spells                   Type           Power      Damage    Failure   Level
 Animate Skeleton         Necr           16%        N/A       8%          1
 Apportation              Tloc           16%        N/A       8%          1
 Sting                    Tmut/Pois      32%        1d4       8%          1
 Summon Small Mammal      Summ           32%        N/A       8%          1
 Blink                    Tloc           16%        N/A       11%         2
 Ensorcelled Hibernation  Hex/Ice        16%        N/A       11%         2
 Passwall                 Tmut/Erth      6%         N/A       11%         2
 Poisonous Vapours        Pois/Air       16%        N/A       11%         2
 Lesser Beckoning         Tloc           8%         N/A       22%         3
 Swiftness                Air            8%         N/A       22%         3
 Fulminant Prism          Conj/Hex       4%         3d6       58%         4
 Iskenderun's Mystic Bla  Conj/Tloc      8%         2d4       58%         4
 Olgreb's Toxic Radiance  Pois           8%         N/A       58%         4
 Lee's Rapid Deconstruct  Erth           4%         3d6*      90%         5
 Manifold Assault         Tloc           8%         N/A       90%         5
 Summon Forest            Summ/Tloc      4%         N/A       90%         5
 Eringya's Noxious Bog    Tmut/Pois      4%         N/A       100%        6
 Summon Hydra             Summ           4%         N/A       100%        7


Dungeon Overview and Level Annotations

Branches:
Dungeon (8/15)             Temple (1/1) D:5            Lair (0/6) D:8

Altars:
Ashenzari
Cheibriados
Dithmenos
Elyvilon
Fedhas
Gozag
Hepliaklqana
Kikubaaqudgha
Makhleb
Nemelex Xobeh
Okawaru
Qazlal
Ru
Sif Muna
Trog
Uskayaw
Vehumet
Wu Jian
Xom
Yredelemnul
Zin
The Shining One

Shops:
D:2 !

Annotations:
D:2 1 runed translucent door, Crazy Yiuf


Innate Abilities, Weirdness & Mutations

You have very sharp teeth.
Your uncanny sense of smell can sniff out nearby items.
Your experience applies equally to all skills.


Message History

The ice beast is lightly wounded.
The yak misses you. The yak barely misses you. The yak gores you.
You block the yak's attack.
Unknown command.
You hit the ice beast but do no damage.
The ice beast is lightly wounded.
You block the ice beast's attack. The yak barely misses you.
The yak gores you but does no damage.
You completely miss the ice beast.
The ice beast is lightly wounded.
The yak gores you! The yak gores you. You block the ice beast's attack.
You hit the ice beast.
The ice beast is lightly wounded.
The yak closely misses you. The yak gores you! x2
* * * LOW HITPOINT WARNING * * *
The yak barely misses you. You block the ice beast's attack.
You hit the ice beast but do no damage.
The ice beast is lightly wounded.
The yak gores you!
* * * LOW HITPOINT WARNING * * *
The yak completely misses you. The yak gores you but does no damage.
The yak barely misses you.
You hit the ice beast.
You bite the ice beast, but do no damage.
The ice beast is lightly wounded.
The ice beast hits you but does no damage.
You block the yak's attack. The yak gores you.
* * * LOW HITPOINT WARNING * * *
Unknown command.
You hit the ice beast but do no damage.
The ice beast is lightly wounded.
You block the yak's attack. The yak gores you.
* * * LOW HITPOINT WARNING * * *
The ice beast hits you but does no damage.
Unknown command.
As you read the scroll labelled ZEN KOYKOGRENLUIF, it crumbles to dust.
It is a scroll of amnesia.
You feel forgetful for a moment. You block the yak's attack.
The yak closely misses you. x2; The yak gores you!
You die...

########.### ###.#
#..[..##.# #.#
#.###.##.## ##'##
#.###.#...# ##...##
#.#.....#.# ##.....##
#.#.......###.......#
#.##Y...####.........
#<.YYY.....+.........
####@Y..####.........
#Y#.## ##.......#
#)### ##.....## #.#
##...## #.# ##'##
###.### #.# #.....#
#.# # #.[..>####
##.#### #........#
##...##.


You could see 5 yaks and an ice beast.

Vanquished Creatures
  Joseph (D:7)
  A yak (D:7)
  Eustachio (D:5)
  A wraith (D:7)
  A wyvern (D:6)
  3 wargs
  A water moccasin (D:6)
  3 sky beasts
  An ice beast (D:6)
  2 ogres (D:5)
  A kobold brigand (D:7)
  A wyvern zombie (D:7)
  A scorpion (D:7)
  A water moccasin skeleton (D:5)
  3 killer bees (D:7)
  5 wights (D:6)
  A centaur zombie (D:7)
  A hound (D:6)
  2 jellies (D:5)
  A gnoll shaman (D:7)
  5 orc priests
  A bullfrog skeleton (D:5)
  A centaur skeleton (D:7)
  2 iguanas
  5 orc wizards (D:7)
  A killer bee zombie (D:7)
  A hound skeleton (D:4)
  A howler monkey zombie (D:7)
  6 gnolls
  6 adders
  A shadow imp (D:6)
  An adder skeleton (D:4)
  A worm (D:2)
  4 dart slugs
  10 orcs
  8 endoplasms
  3 giant cockroaches
  10 hobgoblins
  9 jackals
  3 quokkas
  10 ball pythons
  6 bats
  7 frilled lizards
  10 goblins
  9 kobolds
  3 rats
156 creatures vanquished.

Notes
Turn   | Place    | Note
-------+----------+-------------------------------------------
     0 | D:1      | DocClef the Gnoll Fighter began the quest for the Orb.
     0 | D:1      | Reached XP level 1. HP: 23/23 MP: 1/1
    13 | D:1      | Reached XP level 2. HP: 13/29 MP: 2/2
   564 | D:1      | Reached XP level 3. HP: 35/35 MP: 3/3
   945 | D:1      | Reached skill level 1 in Invocations
  1309 | D:2      | Reached skill level 1 in Short Blades
  1309 | D:2      | Reached skill level 1 in Long Blades
  1309 | D:2      | Reached skill level 1 in Axes
  1309 | D:2      | Reached skill level 1 in Polearms
  1309 | D:2      | Reached skill level 1 in Staves
  1309 | D:2      | Reached skill level 1 in Slings
  1309 | D:2      | Reached skill level 1 in Bows
  1309 | D:2      | Reached skill level 1 in Crossbows
  1309 | D:2      | Reached skill level 1 in Throwing
  1309 | D:2      | Reached skill level 1 in Dodging
  1309 | D:2      | Reached skill level 1 in Stealth
  1309 | D:2      | Reached skill level 1 in Unarmed Combat
  1309 | D:2      | Reached skill level 1 in Spellcasting
  1309 | D:2      | Reached skill level 1 in Evocations
  1358 | D:2      | Reached XP level 4. HP: 30/41 MP: 5/5
  1544 | D:2      | Found Xugecs's Distillery.
  1613 | D:2      | Found a runed translucent door.
  1614 | D:2      | Noticed Crazy Yiuf
  2110 | D:2      | Bought a potion of degeneration for 11 gold pieces
  2166 | D:3      | Reached skill level 1 in Conjurations
  2166 | D:3      | Reached skill level 1 in Hexes
  2166 | D:3      | Reached skill level 1 in Summonings
  2166 | D:3      | Reached skill level 1 in Necromancy
  2166 | D:3      | Reached skill level 1 in Translocations
  2166 | D:3      | Reached skill level 1 in Transmutations
  2166 | D:3      | Reached skill level 1 in Fire Magic
  2166 | D:3      | Reached skill level 1 in Ice Magic
  2166 | D:3      | Reached skill level 1 in Air Magic
  2166 | D:3      | Reached skill level 1 in Earth Magic
  2166 | D:3      | Reached skill level 1 in Poison Magic
  2547 | D:3      | Reached XP level 5. HP: 34/47 MP: 6/6
  3216 | D:4      | Noticed a sky beast
  3228 | D:4      | Killed a sky beast
  3229 | D:4      | Reached XP level 6. HP: 38/53 MP: 8/8
  4287 | D:5      | Entered Level 5 of the Dungeon
  4387 | D:5      | Reached skill level 5 in Maces & Flails
  4671 | D:5      | Reached XP level 7. HP: 33/59 MP: 10/10
  4815 | D:5      | Found a staircase to the Ecumenical Temple.
  4842 | D:5      | Found a white marble altar of Elyvilon.
  4939 | Temple   | Entered the Ecumenical Temple
  5265 | Temple   | Became a worshipper of the Shining One
  5504 | D:5      | Noticed Eustachio
  5511 | D:5      | Killed Eustachio
  6038 | D:6      | Reached XP level 8. HP: 41/66 MP: 12/12
  7171 | D:6      | Noticed a wyvern
  7184 | D:6      | Killed a wyvern
  7703 | D:7      | Identified the +2 quarterstaff of Bitaol {vorpal, rF+}
  7763 | D:7      | Reached * piety under the Shining One
  7834 | D:7      | Noticed a wraith
  7848 | D:7      | Killed a wraith
  7849 | D:7      | Reached XP level 9. HP: 62/73 MP: 14/14
  8697 | D:7      | Noticed Joseph
  8716 | D:7      | Killed Joseph
  9713 | D:7      | Reached skill level 5 in Invocations
  9727 | D:8      | Reached ** piety under the Shining One
  9731 | D:8      | Found a staircase to the Lair.
 10297 | D:7      | HP: 2/74 [yak (3)]
 10298 | D:7      | Mangled by a yak

Illustrated notes

Levels and vault maps discovered:
D:1:      dpeg_arrival_oval, layout_rooms
D:2:      layout_basic, serial_shops, shop_fountains, st_stairs_3,
          minmay_heptomino_h4, uniq_crazy_yiuf_cottage
D:3:      layout_basic
D:4:      layout_gridville
D:5:      layout_basic, overflow_temple_1_default,
          minmay_temple_entry_enclosed_plants, uniq_eustachio
D:6:      layout_gridville
D:7:      layout_loops_corners, uniq_joseph
D:8:      layout_basic, erik_lair_orcish_takeover, serial_shops, shop,
          enter_bailey_8
Temple:   mainiacjoe_temple_circle_huts

Skill      XL: |  1  2  3  4  5  6  7  8  9 |
---------------+----------------------------+-----
Invocations    | 1 2 3 4 5 |  5.2
Short Blades   | 1 2 3 4 |  4.7
Long Blades    | 1 2 3 4 |  4.7
Axes           | 1 2 3 4 |  4.7
Polearms       | 1 2 3 4 |  4.7
Staves         | 1 2 3 4 |  4.7
Slings         | 1 2 3 4 |  4.7
Bows           | 1 2 3 4 |  4.7
Crossbows      | 1 2 3 4 |  4.7
Throwing       | 1 2 3 4 |  4.7
Dodging        | 1 2 3 4 |  4.7
Stealth        | 1 2 3 4 |  4.7
Unarmed Combat | 1 2 3 4 |  4.7
Spellcasting   | 1 2 3 4 |  4.7
Evocations     | 1 2 3 4 |  4.7
Conjurations   | 1 2 3 |  3.9
Hexes          | 1 2 3 |  3.9
Summonings     | 1 2 3 |  3.9
Necromancy     | 1 2 3 |  3.9
Translocations | 1 2 3 |  3.9
Transmutations | 1 2 3 |  3.9
Fire Magic     | 1 2 3 |  3.9
Ice Magic      | 1 2 3 |  3.9
Air Magic      | 1 2 3 |  3.9
Earth Magic    | 1 2 3 |  3.9
Poison Magic   | 1 2 3 |  3.9
Maces & Flails | 5 6 |  6.7
Fighting       | 7 8 |  8.2
Armour         | 7 8 |  8.2
Shields        | 7 8 |  8.2

Action                   |  1- 3 |  4- 6 |  7- 9 || total
-------------------------+-------+-------+-------++-------
Melee: Flail             |   101 |   190 |       ||   291
       Bite              |     4 |    25 |    52 ||    81
       Whip              |       |    39 |   238 ||   277
       Falchion          |       |       |    58 ||    58
Throw: Dart              |       |       |     2 ||     2
  Use: Scroll            |       |     2 |     3 ||     5
 Stab: Sleeping          |       |     3 |       ||     3
Armor: Scale mail        |    40 |     3 |       ||    43
       Chain mail        |       |    64 |       ||    64
       Leather armour    |       |    56 |    72 ||   128
Dodge: Dodged            |    24 |   120 |   156 ||   300
Block: Buckler           |    28 |    81 |    86 ||   195
